Map: Catalyst LE

Players

Seismic

  • Race: Terran Terran
  • League: Gold
  • Spawn Location: 5:00

A.I. 1 (Easy) - Winner!

  • Race: Protoss Protoss
  • Spawn Location: 11:00

VOD

Have the link to the VOD?

Description

Time

  • Played on: Feb. 27, 2018, 6:18 p.m.
  • Length: 9:02
Show
View Real Time Build Order
Export as new Build Order

Seismic Terran 

Build Orders: Liberator Opening 

Get SALT Encoding   

  12  0:01  SCV  
  13  0:13  SCV  
  14  0:18  Supply Depot  
  14  0:25  SCV  
  15  0:29  Refinery  
  15  0:40  SCV  
  16  0:46  Barracks  
  16  0:52  SCV  
  17  1:04  SCV  
  18  1:17  SCV  
  19  1:33  Barracks Reactor  
  19  1:35  Orbital Command  
  19  1:51  Command Center  
  19  2:01  Factory  
  19  2:06  SCV  
  20  2:15  Supply Depot  
  20  2:17  Marine  
  20  2:20  Marine  
  22  2:23  SCV  
  22  2:29  Refinery  
  23  2:36  SCV  
  24  2:47  Starport, Factory Tech Lab  
  24  2:49  Marine  
  24  2:50  Marine  
  26  2:55  SCV  
  27  3:04  Orbital Command  
  27  3:07  SCV  
  28  3:17  Marine  
  28  3:19  Siege Tank  
  32  3:21  Marine  
  32  3:26  SCV  
  34  3:33  SCV  
  35  3:38  SCV  
  36  3:45  Supply Depot  
  36  3:46  SCV  
  36  3:48  Marine x2  
  39  3:50  SCV, Liberator  
  40  3:58  SCV  
  40  4:02  SCV  
  42  4:04  Siege Tank  
  48  4:12  Supply Depot  
  48  4:13  SCV  
  48  4:14  SCV  
  50  4:18  Marine x2  
  52  4:29  SCV x2  
  54  4:41  Marine  
  54  4:42  Marine  
  54  4:44  Siege Tank  
  59  4:48  SCV x2  
  61  4:59  Marine  
  62  5:07  Supply Depot  
  62  5:20  Barracks  
  62  5:21  Barracks  
  62  5:24  Refinery x2  
  62  5:29  Supply Depot x2, SCV x2, Siege Tank, Marine  
  62  5:33  Engineering Bay  
  68  5:37  Marine  
  68  5:41  SCV  
  70  5:46  Supply Depot  
  70  5:50  Starport Reactor, Marine  
  70  5:51  SCV  
  72  6:00  SCV  
  72  6:01  Siege Tank  
  72  6:03  SCV, Marine  
  78  6:08  Marine  
  79  6:12  Barracks Tech Lab  
  79  6:13  Barracks Tech Lab  
  79  6:21  Marine  
  79  6:24  Terran Infantry Weapons Level 1  
  80  6:26  Marine  
  80  6:27  Supply Depot  
  80  6:28  Supply Depot  
  80  6:30  SCV x2  
  83  6:33  Siege Tank  
  83  6:36  Marine x2  
  88  6:40  Medivac x2  
  92  6:58  Barracks  
  92  7:00  Barracks  
  91  7:02  SCV  
  91  7:03  SCV  
  91  7:07  Marine x2  
  91  7:08  Marine x2  
  96  7:11  Siege Tank  
  96  7:12  Medivac x2  
  104  7:25  SCV  
  104  7:28  Marine x3  
  104  7:29  Marine  
  109  7:33  Supply Depot  
  109  7:36  Supply Depot  
  107  7:44  Siege Tank  
  110  7:54  Marine x4, Medivac x2  
  110  7:55  Supply Depot  
  110  7:56  Barracks Reactor  
  118  7:59  Barracks Reactor  
  118  8:04  Supply Depot  
  118  8:18  Supply Depot  
  118  8:25  Marine x2  
  118  8:26  Supply Depot, Marine x2  
  122  8:28  Siege Tank  
  125  8:40  Marine x4  
  129  8:42  Marine  
  129  8:44  Marine  
Show
View Real Time Build Order
Export as new Build Order

A.I. 1 (Easy) Protoss - Winner!

Build Orders:  

Get SALT Encoding   

  12  0:00  Probe  
  13  0:13  Probe  
  14  0:21  Pylon  
  14  0:25  Probe  
  15  0:35  Probe  
  16  0:44  Assimilator  
  16  0:50  Gateway  
  16  0:54  Pylon  
  16  1:20  Assimilator  
  16  1:29  Zealot  
  16  1:38  Cybernetics Core  
  18  2:08  Probe, Pylon  
  18  2:14  Adept  
  21  2:16  Warp Gate  
  21  2:18  Probe  
  22  2:29  Probe  
  23  2:41  Probe  
  23  2:43  Stalker  
  26  2:54  Probe  
  27  3:06  Probe  
  28  3:17  Stalker  
  30  3:53  Adept  
  32  6:36  Probe  
  32  6:51  Probe  
  32  6:55  Sentry  
  32  6:57  Pylon  
  35  7:03  Nexus  
  35  7:15  Probe  
  36  7:17  Robotics Facility  
  36  7:18  Stalker  
  36  7:20  Pylon  
  38  7:27  Probe  
  29  7:42  Sentry  
  31  8:05  Observer, Stalker  
  34  8:13  Probe  
  34  8:18  Probe  
  35  8:21  Probe  
  35  8:26  Probe  
  35  8:27  Observer, Assimilator  
  38  8:29  Stalker  
  38  8:30  Assimilator, Probe  
  42  8:35  Probe  
  43  8:42  Probe  
  43  8:47  Probe  
  45  8:53  Adept  
Tags
 
League
Gold
Matchup
PvT
Spawn Locations
Cross Positions
Add a new tag
Caveats
  • Supply blocks, unpowered buildings, or Contaminate may cause inaccurate times.
  • Supply counts are checked every 10 seconds.